2308 views
Uploaded 2024-03-14 01:53:25
Game version 1.36 (6115)
12:04 long 1on2 private game on (3)forestwalk
Saved by Alex11Chr
2308 views
Uploaded 2024-03-14 01:53:25
Game version 1.36 (6115)
12:04 long 1on2 private game on (3)forestwalk

54 units @ 7.2k
/ 0.1k
23 buildings @ 3.7k
/ 0.9k


| Rod of Necromancy | 1 | 150 |
| Potion of Healing | 2 | 300 |
| Healing Salve | 1 | 100 |
| total: | 4 | 550g |
| Acolyte | 3 | 225 | / | 0 |
| Ghoul | 27 | 3240 | / | 0 |
| total: | 30 | 3465g | / | 0w |
| Altar of Darkness | 1 | 180 | / | 50 |
| Ziggurat | 5 | 750 | / | 250 |
| Crypt | 2 | 400 | / | 100 |
| Tomb of Relics | 2 | 260 | / | 60 |
| Halls of the Dead | 1 | 320 | / | 210 |
| total: | 10 | 1590g | / | 460w |
| 0:05 | Acolyte |
| 0:12 | Altar of Darkness |
| 0:16 | Ziggurat |
| 0:28 | Crypt |
| 0:36 | Acolyte |
| 1:17 | Tomb of Relics |
| 1:23 | Ziggurat |
| 1:29 | Ghoul |
| 1:46 | Ghoul |
| 2:03 | Crypt |
| 2:10 | Ghoul |
| 2:18 | Death Coil |
| 2:22 | Rod of Necromancy |
| 2:33 | Ghoul |
| 2:37 | Ziggurat |
| 2:51 | Ghoul |
| 3:07 | Ghoul |
| 3:09 | Ghoul |
| 3:49 | Ghoul |
| 4:04 | Halls of the Dead |
| 4:23 | Ghoul |
| 4:35 | Ghoul |
| 4:55 | Unholy Aura |
| 4:59 | Ghoul |
| 5:19 | Ghoul |
| 5:42 | Ghoul |
| 6:02 | Ghoul |
| 6:22 | Ghoul |
| 6:48 | Acolyte |
| 6:58 | Death Coil |
| 7:04 | Tomb of Relics |
| 7:08 | Ghoul |
| 7:18 | Ghoul |
| 7:43 | Ghoul |
| 8:11 | Potion of Healing |
| 8:16 | Ghoul |
| 8:28 | Potion of Healing |
| 8:56 | Ghoul |
| 9:52 | Ghoul |
| 9:56 | Ghoul |
| 10:17 | Ziggurat |
| 10:26 | Ziggurat |
| 10:45 | Ghoul |
| 10:51 | Healing Salve |
| 10:58 | Unholy Aura |
| 11:11 | Ghoul |
| 11:15 | Ghoul |
| 11:34 | Ghoul |
| 11:49 | Carrion Swarm |
| 11:56 | Ghoul |
| Right click | 177 |
| Select | 146 |
| Select group | 89 |
| Build/train/purchase | 49 |
| Assign group | 28 |
| Misc. action | 18 |
| Use ability | 12 |
| Minimap ping | 2 |
| Item give/drop | 1 |
| Esc | 1 |


| Potion of Healing | 1 | 150 |
| Potion of Mana | 3 | 600 |
| total: | 4 | 750g |
| Peon | 7 | 525 | / | 0 |
| Grunt | 14 | 2800 | / | 0 |
| Troll Headhunter | 3 | 420 | / | 60 |
| total: | 24 | 3745g | / | 60w |
| Altar of Storms | 1 | 180 | / | 50 |
| Orc Burrow | 5 | 800 | / | 200 |
| Barracks | 3 | 540 | / | 150 |
| Voodoo Lounge | 3 | 390 | / | 90 |
| War Mill | 1 | 205 | / | 0 |
| Stronghold | 1 | 315 | / | 190 |
| total: | 13 | 2115g | / | 490w |
| 0:07 | Peon |
| 0:07 | Peon |
| 0:11 | Altar of Storms |
| 0:15 | Orc Burrow |
| 0:35 | Barracks |
| 0:43 | Peon |
| 0:52 | Peon |
| 1:01 | Peon |
| 1:12 | Peon |
| 1:35 | Orc Burrow |
| 1:45 | Grunt |
| 2:06 | Voodoo Lounge |
| 2:23 | Healing Wave |
| 2:28 | Peon |
| 2:33 | Grunt |
| 2:46 | Orc Burrow |
| 3:03 | Grunt |
| 3:30 | Voodoo Lounge |
| 3:52 | Stronghold |
| 4:12 | Grunt |
| 4:31 | Orc Burrow |
| 5:12 | Grunt |
| 5:12 | Grunt |
| 5:25 | Serpent Ward |
| 5:57 | Voodoo Lounge |
| 6:50 | Grunt |
| 6:50 | Grunt |
| 6:52 | Berserker Strength |
| 7:15 | Feral Spirit |
| 7:29 | Barracks |
| 8:06 | Barracks |
| 8:21 | Potion of Healing |
| 8:22 | Potion of Mana |
| 8:35 | Grunt |
| 8:35 | Grunt |
| 8:38 | Grunt |
| 9:08 | War Mill |
| 9:18 | Healing Wave |
| 9:27 | Grunt |
| 9:40 | Grunt |
| 10:06 | Grunt |
| 10:27 | Chain Lighting |
| 10:37 | Orc Burrow |
| 10:39 | Troll Headhunter |
| 10:45 | Troll Headhunter |
| 11:15 | Potion of Mana |
| 11:16 | Potion of Mana |
| 11:31 | Troll Regeneration |
| 11:39 | Troll Headhunter |
| Right click | 871 |
| Select | 114 |
| Select group | 100 |
| Build/train/purchase | 52 |
| Assign group | 28 |
| Use ability | 11 |
| Item give/drop | 1 |
⇛